Unix NetHack Version 5.0.0-0 post-release - last build May  4 2026 22:22:43 (774f63e81ad911689b3a0859ea89b322d5daca8d,branch:main).

Game began 2026-05-09 15:38:19, ended 2026-05-09 16:41:59.

BeardyHaddock, lawful male dwarven Archeologist

                                           ----                            ##[
                          ----     ---     |..--   ---- ---               * #
                          |..----  |..------...--- |..---.--- |  ----     #*
                          |.....-- |...|.|.......---...|......| --..|     #
     --                ----......|  -.........................|--...|  *##`
     |.              ---.........|  |.....................--  ||....|  ##
     |.|             |.....--....-- ----...--.|.<..---....|    |..---   ##
     |.|             |....-----...|   --...|-----..| --...------..----  #*
    --.--   ---      --*..-   |...| ---...--    |..----....*.@.......--##
    |...|  --.---     |....|  |-..| |.....|     |...........-------#....#
    |...|  |....----  ---..| --..-- |.....--------..........|     -###-.###
    |..^-- --......--   ---- |...|  --......................|    -#..#|.-#*#
   --....----.....^.----------...-----..........---.........|    |...-#*.#.#--
  --.^..........................................| -.........-    |..>........--
  |..(--------...*...........---................--....--.....-   --#..........|
  --..|      |..............-- -------..................^----.-    #......##.#-
   ----      |.............--        ---........|........|         #...---###*
             |..-.........--           --.....-----......-         ##..|   # *
             --.......|.---             |....--   |..--....         |..|   #*
              ---.|..----               --.---    ----------        ----
                ------                   ---
BeardyHaddock the Field Worker  St:15 Dx:10 Co:12 In:16 Wi:14 Ch:10  Lawful
Dlvl:5  $:82 HP:0(38) Pw:16(16) AC:9  Xp:5 T:4039  Blind

Latest messages:
 You start digging.
 You hit the rock with all your might.
 You succeed in cutting away some rock.
 The large dog drops a rock.
 a - a +2 bullwhip (weapon in right hand).
 e - a +1 pick-axe (alternate weapon; not wielded).
 The large dog picks up a rock.
 You see here 11 rocks.
 You swap places with your large dog.
 You swap places with your large dog.
 The large dog drops a rock.
 You see here a rock.
 You lash the rothe.
 The rothe hits!
 The rothe bites!
 The rothe bites again!
 e - a +1 pick-axe (weapon in right hand).
 a - a +2 bullwhip (alternate weapon; not wielded).
 The rothe hits!
 The rothe bites!
 The rothe bites again!
 You hit the rothe.
 The rothe hits!
 The rothe bites!
 The rothe bites again!
 You kill the rothe!
 You see here a rothe corpse.
 There is a rothe corpse here; eat it? [ynq] (n) y
 This rothe corpse is fatty.
 You stop eating the rothe corpse.
 There is a partly eaten rothe corpse here; eat it? [ynq] (n) y
 You resume your meal.
 The yellow light explodes!
 You are blinded by a blast of light!
 You finish eating the rothe corpse.
 It hits!
 It bites!
 It bites again!
 It hits!
 It bites!
 It just misses!
 It hits!
 It bites!
 It bites again!
 You die...
 Do you want your possessions identified? [ynq] (y) y
 Do you want to see your attributes? [ynq] (y) n
 Do you want an account of creatures vanquished? [ynaq] (y) n
 Do you want to see your conduct and achievements? [ynq] (y) n
 Do you want to see the dungeon overview? [ynq] (y) n

Inventory:
 Coins    ('$')
  $ - 82 gold pieces
 Weapons  (')')
  L - 14 rustproof +0 crossbow bolts
  M - a +0 crossbow
  l - a +1 dart
  m - a +0 orcish dagger
  a - a +2 bullwhip (alternate weapon; not wielded)
 Armor    ('[')
  c - an uncursed +0 fedora (being worn)
  b - an uncursed +0 leather jacket (being worn)
 Comestibles  ('%')
  d - 4 uncursed food rations
  O - an uncursed tripe ration
 Scrolls  ('?')
  G - a cursed scroll of gold detection
  B - 2 uncursed scrolls of identify
  E - an uncursed scroll of identify
  p - an uncursed scroll of scare monster
 Potions  ('!')
  r - an uncursed potion of fruit juice
  Q - a cursed potion of healing
 Tools    ('(')
  h - an empty uncursed sack
  K - an uncursed bugle
  j - a can of grease (0:6)
  i - an uncursed oil lamp
  e - a +1 pick-axe (weapon in right hand)
  q - an uncursed tin whistle
  f - a tinning kit (0:74)
 Gems/Stones  ('*')
  H - an uncursed chrysoberyl stone
  N - an uncursed citrine stone
  g - an uncursed touchstone

BeardyHaddock the Archeologist's attributes:

Background:
 You were a Field Worker, a level 5 male dwarven Archeologist.
 You were lawful, on a mission for Quetzalcoatl
 who was opposed by Camaxtli (neutral) and Huhetotl (chaotic).
 You were right-handed.
 You were in the Gnomish Mines, on level 5.
 You entered the dungeon 4039 turns ago.
 You had 183 experience points, 137 more were needed to attain level 6.

Basics:
 You had 0 out of 38 hit points.
 You had all 16 energy points (spell power).
 Your armor class was 9.
 Your wallet contained 82 zorkmids.
 Autopickup was off.

Final Characteristics:
 Your strength was 15 (limit:18/100).
 Your dexterity was 10 (limit:20).
 Your constitution was 12 (limit:20).
 Your intelligence was 16 (limit:16).
 Your wisdom was 14 (limit:16).
 Your charisma was 10 (limit:16).

Final Status:
 You were temporarily blind.
 You weren't hungry.
 You were unencumbered.
 You were wielding a pick-axe.
 You had basic skill with pick-axe.

Final Attributes:
 You were piously aligned.
 You had automatic searching.
 You had infravision.
 You were stealthy.
 You were lucky.
 You are dead.

Miscellaneous:
 You didn't encounter any bones levels.
 Total elapsed playing time was 57 minutes and 31 seconds.

Major events:
 Turn
    1: BeardyHaddock the lawful male dwarven Archeologist entered the dungeon
 1566: attained the rank of Field Worker (level 3)
 3646: entered the Gnomish Mines
 4039: killed by a rothe

Spells:
 Name                 Level Category     Fail Retention
 healing                1   healing        0%  76%-100%
 confuse monster        1   enchantment    0%  76%-100%

Skills:
 Fighting Skills
   bare handed combat [Unskilled]
   two weapon combat  [Unskilled]
   riding             [Unskilled]
 Weapon Skills
   dagger             [Unskilled]
   knife              [Unskilled]
   pick-axe           [Basic]
   short sword        [Unskilled]
   saber              [Unskilled]
   club               [Unskilled]
   quarterstaff       [Unskilled]
   sling              [Unskilled]
   dart               [Unskilled]
   boomerang          [Unskilled]
   whip               [Basic]
   unicorn horn       [Unskilled]
 Spellcasting Skills
   attack spells      [Unskilled]
   healing spells     [Unskilled]
   divination spells  [Unskilled]
   matter spells      [Unskilled]

Voluntary challenges:
 Character rerolling was not enabled.
 You never genocided any monsters.
 You never polymorphed an object.
 You never changed form.
 You used no wishes.
Achievements:
 You entered a shop.
 You attained the rank of Field Worker.
 You entered the Gnomish Mines.

 The Dungeons of Doom: levels 1 to 5
    Level 1:
       A grave.
    Level 2:
    Level 3:
       A scroll shop, a fountain.
    Level 4:
       An altar, some fountains, a sink.
       Stairs down to The Gnomish Mines.
    Level 5:
       An altar to Quetzalcoatl, a fountain.
 The Gnomish Mines:
    Level 5: <- You were here.
       Final resting place for
          you, killed by a rothe.


Vanquished creatures:
  a cockatrice
  a rock piercer
  a yellow light
  a shrieker
  a straw golem
  a floating eye
  a dwarf
  a rothe
  a giant bat
  a monkey
  a werejackal
  2 iguanas
  2 coyotes
  a gas spore
  2 hobbits
  2 manes
  a hobgoblin
  a giant rat
  2 yellow molds
  3 gnomes
  2 geckos
  5 jackals
  a fox
  a kobold
  5 goblins
  2 sewer rats
  9 grid bugs
  2 lichens
  7 newts
61 creatures vanquished.

No species were genocided or became extinct.

Game over:
                       ----------
                      /          \
                     /    REST    \
                    /      IN      \
                   /     PEACE      \
                  /                  \
                  |  BeardyHaddock   |
                  |      82 Au       |
                  |   killed by a    |
                  |      rothe       |
                  |                  |
                  |                  |
                  |       2026       |
                 *|     *  *  *      | *
        _________)/\\_//(\/(/\)/\//\/|_)_______

Goodbye BeardyHaddock the Archeologist...

You died in The Gnomish Mines on dungeon level 5 with 1162 points,
and 82 pieces of gold, after 4039 moves.
You were level 5 with a maximum of 38 hit points when you died.

